Map: Romanticide LE

Players

Demi

  • Race: Zerg Zerg
  • League: Master
  • Spawn Location: 5:00

EnDerr - Winner!

  • Race: Zerg Zerg
  • Spawn Location: 11:00

Event: DreamHack SC2 Masters 2020 Winter

VOD

Have the link to the VOD?

Description

Time

  • Played on: Oct. 16, 2020, 5:54 a.m.
  • Length: 11:09

All games in this series

Show
View Real Time Build Order
Export as new Build Order

Demi Zerg 

Build Orders: Hatch First 

Get SALT Encoding   

  12  0:00  Drone  
  13  0:12  Overlord  
  13  0:17  Drone  
  14  0:30  Drone  
  14  0:31  Drone  
  16  0:48  Hatchery  
  15  0:51  Drone  
  15  0:54  Drone  
  17  0:57  Drone  
  18  1:08  Extractor  
  17  1:12  Spawning Pool  
  17  1:15  Drone  
  17  1:18  Drone  
  18  1:28  Drone  
  19  1:39  Drone  
  20  1:50  Overlord  
  20  1:59  Queen x2  
  20  2:00  Zergling x2  
  20  2:01  Zergling x2  
  26  2:08  Metabolic Boost  
  26  2:11  Zergling x4  
  28  2:24  Drone x2  
  28  2:29  Baneling Nest  
  29  2:35  Drone  
  29  2:39  Drone  
  30  2:44  Overlord  
  30  2:45  Drone  
  31  2:55  Drone x2  
  33  3:04  Drone  
  33  3:05  Hatchery  
  33  3:08  Drone  
  33  3:09  Drone  
  33  3:12  Drone  
  36  3:16  Baneling x2  
  36  3:18  Drone  
  37  3:21  Drone  
  37  3:24  Drone x2  
  40  3:29  Overlord  
  40  3:31  Drone x2  
  42  3:35  Evolution Chamber  
  42  3:39  Zergling x2  
  42  3:45  Zergling x4  
  42  3:47  Queen  
  46  3:49  Overlord  
  46  3:56  Drone x3  
  46  3:57  Drone  
  49  4:04  Zerg Missile Weapons Level 1  
  49  4:06  Drone x3  
  52  4:12  Drone x4  
  56  4:22  Drone, Roach Warren  
  56  4:23  Drone  
  57  4:28  Lair  
  57  4:29  Drone x2  
  58  4:39  Extractor  
  58  4:40  Drone x6, Extractor  
  62  4:46  Zergling x2  
  62  4:52  Drone  
  64  4:53  Overlord  
  64  4:55  Overlord x2  
  64  4:57  Drone  
  65  5:04  Overlord x4  
  65  5:05  Extractor  
  64  5:10  Extractor  
  64  5:11  Extractor  
  62  5:19  Drone x3  
  65  5:21  Drone x4  
  65  5:22  Drone  
  65  5:28  Glial Reconstitution  
  70  5:29  Drone x2  
  70  5:30  Drone, Spire  
  70  5:33  Drone x5  
  77  5:42  Overlord  
  78  5:43  Roach x3  
  78  5:46  Overseer  
  82  6:03  Hatchery  
  81  6:04  Roach  
  81  6:05  Roach x6  
  94  6:15  Roach x6  
  106  6:19  Overlord x2  
  106  6:29  Overlord x2  
  106  6:33  Drone  
  106  6:35  Evolution Chamber  
  106  6:40  Pneumatized Carapace  
  106  6:41  Drone  
  106  6:42  Mutalisk  
  106  6:43  Mutalisk x5  
  119  6:52  Overlord  
  119  6:53  Roach x4  
  124  7:06  Roach  
  124  7:07  Roach x5  
  137  7:11  Zerg Missile Weapons Level 2  
  137  7:12  Hatchery  
  137  7:13  Overlord x2  
  136  7:16  Zerg Ground Armor Level 1  
  136  7:20  Drone  
  136  7:21  Drone x4  
  141  7:28  Roach  
  143  7:38  Overlord x2  
  145  7:44  Roach x6  
  145  7:50  Extractor  
  154  7:57  Ravager x4  
  158  7:59  Roach  
  158  8:00  Roach x6  
  158  8:03  Overlord  
  172  8:14  Roach x9  
  172  8:18  Overlord  
  190  8:23  Roach x4  
  190  8:25  Ravager  
  199  8:35  Overseer  
  199  8:36  Zerg Flyer Weapons Level 1  
  195  8:54  Roach x7  
  191  9:01  Ravager x3  
  191  9:02  Ravager  
  191  9:08  Roach x2  
  191  9:09  Roach x5  
  189  9:20  Roach x9  
  193  9:26  Roach x3  
  193  9:34  Roach  
  193  9:35  Roach x4  
  193  9:36  Ravager  
  193  9:37  Ravager  
  189  9:59  Overlord x2  
  185  10:05  Roach  
  185  10:06  Roach x12  
  189  10:08  Ravager x2  
  191  10:17  Roach  
  191  10:18  Roach x3  
  157  10:29  Roach  
  157  10:30  Roach x3  
  121  10:38  Roach x2  
  121  10:39  Roach  
Show
View Real Time Build Order
Export as new Build Order

EnDerr Zerg - Winner!

Build Orders: Pool First, Roach Hydra 

Get SALT Encoding   

  12  0:00  Drone  
  13  0:12  Overlord  
  13  0:17  Drone  
  14  0:31  Drone x2  
  16  0:42  Spawning Pool  
  15  0:44  Drone  
  15  0:48  Drone  
  17  0:50  Extractor  
  16  0:59  Drone  
  17  1:19  Hatchery  
  16  1:29  Zergling x4  
  16  1:30  Zergling x2  
  19  1:37  Queen  
  21  1:45  Overlord  
  21  1:52  Metabolic Boost  
  21  1:56  Drone  
  22  2:04  Drone  
  23  2:13  Drone  
  24  2:26  Hatchery  
  23  2:31  Drone  
  23  2:33  Drone  
  25  2:45  Drone x2  
  25  2:46  Drone x3  
  30  2:59  Baneling Nest  
  30  3:04  Drone x4  
  33  3:15  Queen  
  35  3:20  Overlord  
  35  3:24  Overlord  
  34  3:39  Drone x4  
  34  3:40  Drone  
  34  3:41  Queen  
  39  3:43  Baneling  
  39  3:44  Zergling x2  
  42  3:49  Drone x2, Evolution Chamber  
  43  3:56  Drone x3  
  46  4:05  Baneling  
  46  4:09  Extractor  
  46  4:10  Drone x3  
  46  4:11  Roach Warren  
  46  4:15  Zerg Missile Weapons Level 1  
  47  4:19  Overlord  
  47  4:22  Lair  
  47  4:25  Drone x2  
  47  4:28  Drone  
  49  4:32  Drone x4  
  49  4:37  Zergling x2  
  49  4:38  Drone x2  
  55  4:41  Drone  
  55  4:43  Drone  
  55  4:44  Drone  
  59  4:48  Overlord  
  59  4:49  Drone  
  59  4:51  Drone, Extractor  
  60  4:58  Drone x2  
  62  5:00  Drone  
  62  5:02  Drone x2  
  62  5:03  Drone  
  62  5:06  Overlord  
  66  5:09  Drone  
  66  5:10  Drone x2  
  66  5:13  Drone x2  
  71  5:17  Extractor  
  71  5:19  Extractor, Glial Reconstitution  
  71  5:20  Roach x2  
  72  5:21  Overlord  
  72  5:22  Overlord  
  72  5:25  Pneumatized Carapace  
  72  5:29  Drone x2  
  72  5:31  Drone  
  75  5:38  Overlord  
  75  5:40  Roach  
  77  5:43  Roach  
  77  5:46  Roach  
  77  5:47  Roach  
  77  5:48  Hatchery  
  77  5:49  Roach  
  84  5:52  Overlord x2  
  84  5:54  Overseer  
  84  5:56  Roach x3  
  90  5:58  Roach  
  92  6:05  Roach  
  92  6:11  Zerg Missile Weapons Level 2  
  94  6:12  Roach x5  
  94  6:15  Roach x2  
  108  6:23  Drone  
  108  6:25  Extractor, Overlord  
  109  6:30  Drone x3  
  109  6:32  Roach  
  117  6:33  Roach x4  
  121  6:41  Hydralisk Den  
  121  6:43  Overlord x3  
  118  6:54  Drone x9  
  118  6:56  Spore Crawler  
  122  7:13  Spore Crawler  
  122  7:15  Muscular Augments, Spore Crawler, Hydralisk x7  
  120  7:21  Spore Crawler x2  
  120  7:22  Spore Crawler  
  131  7:23  Drone x2  
  131  7:25  Spore Crawler  
  132  7:36  Hydralisk x3  
  138  7:38  Overlord x3  
  138  7:40  Ravager x2  
  138  7:41  Ravager  
  143  7:44  Roach  
  143  7:47  Overlord x2  
  143  7:52  Overlord x2  
  143  7:53  Overlord  
  143  7:57  Roach x3  
  143  7:58  Roach  
  151  7:59  Ravager x3  
  151  8:00  Ravager  
  151  8:03  Roach x2  
  159  8:08  Roach x2  
  159  8:09  Roach  
  159  8:11  Overlord  
  167  8:13  Roach  
  167  8:15  Roach x2  
  167  8:17  Roach  
  173  8:25  Roach x3  
  173  8:26  Roach, Grooved Spines  
  181  8:29  Drone x3  
  181  8:31  Roach  
  186  8:34  Roach  
  186  8:38  Roach x2  
  186  8:39  Roach  
  194  8:43  Roach x2  
  194  8:46  Lurker Den  
  197  8:53  Roach  
  197  8:55  Roach  
  187  8:57  Roach x3  
  187  8:58  Roach x2  
  187  8:59  Hydralisk x2  
  199  9:06  Roach  
  199  9:13  Roach  
  199  9:15  Roach  
  197  9:19  Roach  
  179  9:24  Drone x3  
  179  9:26  Drone x3  
  179  9:27  Drone x2, Roach x2  
  179  9:28  Roach x4  
  179  9:29  Roach  
  191  9:34  Roach  
  191  9:36  Ravager  
  191  9:38  Hydralisk x2, Ravager  
  192  9:39  Hydralisk  
  198  9:47  Drone  
  198  9:48  Drone  
  198  9:49  Queen  
  191  9:56  Roach  
  189  10:00  Roach  
  189  10:02  Roach  
  189  10:05  Roach x2  
  185  10:07  Roach  
  185  10:09  Queen  
  185  10:12  Roach  
  185  10:13  Roach  
  189  10:16  Roach x3  
  189  10:19  Roach  
  185  10:25  Roach x4  
  164  10:29  Roach x2  
  164  10:33  Roach  
  164  10:34  Roach x2  
  155  10:41  Roach x2  
  155  10:42  Roach  
Tags
 
Add a new tag
Caveats
  • Supply blocks, unpowered buildings, or Contaminate may cause inaccurate times.
  • Supply counts are checked every 10 seconds.